 Dungeon Crawl Stone Soup version 0.30.1-11-g7821555f0a (webtiles) character file.

Game seed: 268362789977116403

102709 Wiggles the Severer (level 15, -8/151 HPs)
             Began as a Minotaur Berserker on Oct 27, 2023.
             Was the Champion of Trog.
             Mangled by an orc warlord
             ... wielding a +0 long sword
              (16 damage)
             ... on level 2 of the Orcish Mines.
             The game lasted 00:39:49 (20975 turns).

Wiggles the Severer (Minotaur Berserker)           Turns: 20975, Time: 00:39:49

Health: -8/151     AC: 28    Str: 29    XL:     15   Next: 87%
Magic:  14/14      EV: 10    Int:  6    God:    Trog [******]
Gold:   1766       SH:  8    Dex: 15    Spells: 14/14 levels left

rFire   . . .        H - +8 war axe of Kalecruf {flame, Will+}
rCold   + . .        X - +0 kite shield
rNeg    . . .        R - +1 plate armour {rF+}
rPois   .            r - +2 hat
rElec   .            V - scarf of Cumyo {harm, Int+2 Dex+2 Slay+2}
rCorr   .            w - +2 pair of gloves
SInv    .            F - +2 pair of boots
Will    ++...        B - amulet of regeneration Stlth
                     d - +4 ring of slaying
HPRegen 1.25/turn    M - ring of Oweyh {Ice Dex+3 Slay+2}
MPRegen 0.14/turn

%: harm (+30% outgoing, +20% incoming)
@: on berserk cooldown, slowed, very slow
A: horns 2, retaliatory headbutt
a: Renounce Religion, Berserk, Trog's Hand, Brothers in Arms


You were on level 2 of the Orcish Mines.
You worshipped Trog.
Trog was exalted by your worship.
You visited 3 branches of the dungeon, and saw 22 of its levels.
You also visited: Ossuary and Gauntlet.

You collected 2126 gold pieces.
You spent 360 gold pieces at shops.

Inventory:

Hand Weapons
 H - the +8 war axe of Kalecruf (weapon) {flame, Will+}
   (Trog gifted it to you on level 11 of the Dungeon)

   Will:      It increases your willpower.
 U - a +1 heavy battleaxe
 Y - a +2 executioner's axe of flaming
Missiles
 i - 8 throwing nets (quivered)
Armour
 r - a +2 hat (worn)
 w - a +2 pair of gloves (worn)
 F - a +2 pair of boots (worn)
 R - a +1 plate armour of fire resistance (worn)
 V - the scarf of Cumyo (worn) {harm, Int+2 Dex+2 Slay+2}
   (You found it on level 15 of the Dungeon)

   Int:       It affects your intelligence (+2).
   Dex:       It affects your dexterity (+2).
   Slay:      It affects your accuracy & damage with ranged weapons and melee
   (+2).
 X - a +0 kite shield (worn)
Jewellery
 d - a +4 ring of slaying (left hand)
 g - a +6 ring of strength
 j - a ring of see invisible
 l - an amulet of faith
 s - a ring of poison resistance
 z - the amulet "Vouhy" {Acrobat rF+ Int+4}
   (You found it in a Gauntlet)

   [amulet of the acrobat]

   It increases your evasion while moving and waiting.
   Int:       It affects your intelligence (+4).
   rF:        It protects you from fire.
 B - an amulet of regeneration (around neck)
 C - a ring of fire
 G - a +6 ring of dexterity
 I - a ring of flight
 J - a +6 ring of strength
 K - a ring of positive energy
 M - the ring of Oweyh (right hand) {Ice Dex+3 Slay+2}
   (You found it in a Gauntlet)

   [ring of ice]

   It enhances your ice magic.
   Dex:       It affects your dexterity (+3).
   Slay:      It affects your accuracy & damage with ranged weapons and melee
   (+2).
   rF:        It makes you vulnerable to fire.
   rC:        It protects you from cold.
 W - an amulet of reflection
Wands
 q - a wand of mindburst (44)
 v - a wand of light (13)
 L - a wand of roots (4)
 N - a wand of paralysis (5)
 Q - a wand of polymorph (5)
 T - a wand of flame (10)
Scrolls
 b - 4 scrolls of fog
 h - 16 scrolls of teleportation
 o - 3 scrolls of fear
 p - a scroll of magic mapping
 y - 2 scrolls of summoning
 E - 4 scrolls of identify
Potions
 a - 11 potions of curing
 c - 4 potions of heal wounds
 e - 3 potions of haste
 k - 2 potions of berserk rage
 m - 5 potions of invisibility
 n - 2 potions of ambrosia
 t - 3 potions of flight
 u - 4 potions of magic
 x - 4 potions of lignification
 A - 2 potions of mutation
 P - 3 potions of resistance
 S - a potion of might
Miscellaneous
 f - a phantom mirror
 O - a lightning rod (4/4)


   Skills:
 + Level 18.9 Fighting
 + Level 20.8 Axes
 + Level 18.1 Armour
 + Level 5.2 Dodging
 + Level 2.7 Stealth
 + Level 2.3 Shields
 + Level 2.0 Unarmed Combat
 + Level 1.8 Evocations


You had 14 spell levels left.
You didn't know any spells.
Your spell library was empty.

Dungeon Overview and Level Annotations

Branches:
Dungeon (15/15)            Temple (0/1) D:4            Lair (5/5) D:11
 Shoals (0/4) Lair:3        Snake (0/4) Lair:2        Slime (0/5) Lair:5
    Orc (2/2) D:10            Elf (0/3) Orc:2        Vaults (0/5) D:14
 Depths (0/4) D:15        Ossuary (visited)         Gauntlet (visited)

Altars:
Ashenzari
Fedhas
Sif Muna
Jiyva

Shops:
D:8 =   Orc:1 *


Innate Abilities, Weirdness & Mutations

You have a pair of horns on your head.
You reflexively headbutt those who attack you in melee.


Message History

Trog accepts your kill. The orc warrior closely misses you.
The orc warlord hits you with a +0 long sword!
* * * LOW HITPOINT WARNING * * *
The orc warlord blocks your attack. x2
The orc warlord is severely wounded.
The orc warrior no longer looks unusually strong.
You block the orc warrior's attack.
The orc warlord roars a battlecry!
The orc warrior goes into a battle-frenzy!
You hit the orc warlord but do no damage.
The orc warlord is severely wounded.
The orc warrior hits you from afar with a +0 trident!
* * * LOW HITPOINT WARNING * * *
The orc warlord hits you but does no damage.
The orc warrior hits you but does no damage.
The orc warlord misses you. The orc warlord blocks your attack.
The orc warlord is severely wounded.
The orc warrior barely misses you.
The orc warlord hits you with a +0 long sword.
* * * LOW HITPOINT WARNING * * *
The orc warlord blocks your attack. x2
The orc warlord is severely wounded.
You block the orc warrior's attack.
The orc warlord hits you with a +0 long sword!
* * * LOW HITPOINT WARNING * * *
The orc warlord blocks your attack.
Your headbutt misses the orc warlord.
The orc warlord is severely wounded.
You block the orc warrior's attack.
The orc warlord hits you with a +0 long sword.
* * * LOW HITPOINT WARNING * * *
You hit the orc warlord but do no damage.
The orc warlord blocks your attack.
The orc warlord is severely wounded.
The orc warrior misses you.
The orc warlord hits you but does no damage.
You block the orc warrior's attack.
The orc warlord hits you with a +0 long sword!
You die...

#)).###≈≈§§≈##≈..§§##≈
#))..###.#.§≈≈.....≈§#
#)).......§§......... # #
............##.....# .#.#
............##.....##....
........................
...#................... .
............##.....##. ...
............##..@o)##.....
.................)o)......
..................))......
....#^....................
..........................
#.........................
..................
.................
.................


You could see an orc warlord and an orc warrior (strong).

Vanquished Creatures
  Gastronok (D:11)
  Kirke (D:14)
  Donald (Orc:2)
  An orc warlord (Orc:2)
  A stone giant (D:15)
  Snorg (D:14)
  Josephine (D:14)
  9 hydras
  Harold (D:10)
  4 catoblepae (Lair:5)
  A centaur warrior (D:13)
  2 dancing weapons (D:14)
  4 boulder beetles
  9 death yaks
  2 two-headed ogres
  Urug (D:10)
  3 skeletal warriors (D:13)
  2 shadow wraiths (D:13)
  A skyshark (Lair:4)
  A salamander mystic (D:12)
  2 sixfirhies (Gauntlet)
  11 slime creatures
  5 orc knights
  2 wolf spider zombies (D:13)
  4 deep elf pyromancers
  4 orc sorcerers
  19 ugly things
  2 manticores (Lair:5)
  4 salamanders (D:12)
  An elephant (Lair:4)
  7 cyclopes
  6 centaur zombies (D:13)
  10 black mambas
  2 merfolk sirens (Lair:3)
  19 cane toads
  A molten gargoyle (Lair:4)
  5 torpor snails (Lair:4)
  A smoke demon (Gauntlet)
  2 gargoyles
  13 komodo dragons
  3 rime drakes
  A redback zombie (D:13)
  4 yaktaurs (D:15)
  2 freezing wraiths (D:13)
  A komodo dragon (shapeshifter) (D:14)
  2 merfolk (Lair:3)
  7 trolls
  5 polar bears
  3 blink frogs (Lair:1)
  A raiju (Gauntlet)
  2 meliai zombies (D:13)
  4 shadows
  8 wraiths
  A water elemental (D:14)
  5 wyverns
  4 fire bats (Lair:4)
  Eustachio (D:6)
  54 yaks
  3 vampires
  2 basilisks
  2 hogs (D:14)
  3 steam dragons
  2 vampire mosquitoes (D:12)
  Menkaure (D:5)
  2 wargs (Orc:2)
  A floating eye (shapeshifter) (D:14)
  2 large abominations (Gauntlet)
  18 water moccasins
  12 black bears
  25 orc warriors
  3 ogres (Orc:2)
  34 wolves
  A phantom (D:5)
  2 centaurs
  2 kobold brigands
  8 bullfrogs
  A scorpion (D:4)
  4 small abominations (Gauntlet)
  5 water moccasin zombies (Ossuary)
  3 wights (D:8)
  18 killer bees (D:9)
  An electric eel (D:10)
  8 howler monkeys
  3 crimson imps
  3 jellies (Gauntlet)
  3 hounds
  14 orc priests
  3 iguanas
  19 orc wizards
  4 sleepcaps
  A boggart zombie (D:13)
  3 mummies
  3 gnolls (D:5)
  4 adders
  4 white imps
  2 ufetubi
  4 adder zombies (Ossuary)
  4 dart slugs
  68 orcs
  8 endoplasms
  A giant cockroach (D:1)
  3 gnoll zombies (Ossuary)
  9 goblins
  5 jackals
  5 quokkas
  6 ball pythons
  13 bats
  4 frilled lizards
  A hobgoblin zombie (Ossuary)
  12 kobolds
  6 kobold zombies (Ossuary)
  9 orc zombies (Ossuary)
  6 rats
668 creatures vanquished.

Vanquished Creatures (collateral kills)
  The ghost of tizbic2 the Martial Artist, a journeyman GnWn of Makhleb (D:13)
  A minotaur (Gauntlet)
  A phantasmal warrior (D:13)
3 creatures vanquished.

Vanquished Creatures (others)
  A black mamba (Lair:2)
  2 humans (D:14)
  A water moccasin (Lair:2)
4 creatures vanquished.

Grand Total: 675 creatures vanquished

Notes
Turn   | Place    | Note
-------+----------+-------------------------------------------
     0 | D:1      | Wiggles the Minotaur Berserker began the quest for the Orb.
     0 | D:1      | Reached XP level 1. HP: 19/19 MP: 0/0
   148 | D:1      | Reached XP level 2. HP: 27/27 MP: 1/1
   233 | D:1      | Reached skill level 4 in Axes
   474 | D:1      | Reached ** piety under Trog
   707 | D:1      | Reached XP level 3. HP: 33/33 MP: 2/2
  1437 | D:2      | Reached XP level 4. HP: 41/41 MP: 3/3
  1840 | D:3      | Found a blossoming altar of Fedhas.
  1878 | D:3      | Found a broken altar of Ashenzari.
  2767 | D:4      | Reached skill level 5 in Axes
  2767 | D:4      | Reached XP level 5. HP: 43/47 MP: 4/4
  2772 | D:4      | Reached skill level 5 in Fighting
  2957 | D:4      | Reached *** piety under Trog
  2991 | D:4      | Reached skill level 1 in Stealth
  2991 | D:4      | Reached XP level 6. HP: 39/56 MP: 5/5
  3064 | D:4      | Found a staircase to the Ecumenical Temple.
  3339 | D:4      | Identified the +9 dagger of Shrieking Terror {spect, rF+
                  | rC++ Dex-4}
  3507 | D:5      | Entered Level 5 of the Dungeon
  3707 | D:5      | Reached skill level 6 in Axes
  3743 | D:5      | Noticed Menkaure
  3748 | D:5      | Killed Menkaure
  3757 | D:5      | Reached XP level 7. HP: 44/61 MP: 6/6
  4164 | D:5      | Reached skill level 7 in Axes
  4166 | D:5      | Reached skill level 5 in Armour
  4409 | D:6      | Found a sand-covered staircase.
  4418 | Ossuary  | Entered an ossuary
  4484 | Ossuary  | Reached skill level 8 in Axes
  4501 | Ossuary  | Reached XP level 8. HP: 68/70 MP: 7/7
  4534 | Ossuary  | Reached **** piety under Trog
  4827 | D:6      | Noticed Eustachio
  4864 | D:6      | Killed Eustachio
  5061 | D:6      | Reached skill level 9 in Axes
  5601 | D:7      | Reached skill level 10 in Axes
  6282 | D:8      | Found Xetatasi's Jewellery Shoppe.
  6339 | D:8      | Reached XP level 9. HP: 77/78 MP: 8/8
  6342 | D:8      | Bought an amulet of regeneration for 360 gold pieces
  6612 | D:9      | Reached skill level 11 in Axes
  6639 | D:9      | Identified the +10 spear "Earthworm" {flame, rN++ rCorr}
  6730 | D:9      | Reached ***** piety under Trog
  6872 | D:9      | Noticed a gargoyle
  6877 | D:9      | Reached skill level 12 in Axes
  6888 | D:9      | Killed a gargoyle
  7421 | D:10     | Entered Level 10 of the Dungeon
  7451 | D:10     | Reached XP level 10. HP: 70/89 MP: 9/9
  7452 | D:10     | Reached skill level 13 in Axes
  7497 | D:10     | Noticed Urug
  7508 | D:10     | Killed Urug
  7564 | D:10     | Noticed Harold
  7577 | D:10     | Killed Harold
  7803 | D:10     | Found a staircase to the Orcish Mines.
  7976 | D:10     | Found a shimmering blue altar of Sif Muna.
  7990 | D:10     | Reached skill level 10 in Armour
  8112 | D:10     | Reached skill level 14 in Axes
  9002 | D:11     | Noticed a two-headed ogre
  9009 | D:11     | Killed a two-headed ogre
  9013 | D:11     | Identified the +8 war axe of Kalecruf {flame, Will+} (Trog
                  | gifted it to you on level 11 of the Dungeon)
  9013 | D:11     | Received a gift from Trog
  9082 | D:11     | Noticed a white ugly thing
  9092 | D:11     | Killed a white ugly thing
  9093 | D:11     | Reached skill level 1 in Evocations
  9093 | D:11     | Reached XP level 11. HP: 67/99 MP: 10/10
  9360 | D:11     | Noticed Gastronok
  9377 | D:11     | Killed Gastronok
  9378 | D:11     | Reached skill level 10 in Fighting
  9485 | D:11     | Found a staircase to the Lair.
  9760 | Lair:1   | Entered Level 1 of the Lair of Beasts
 10221 | Lair:1   | Reached skill level 15 in Axes
 10558 | Lair:2   | Found a staircase to the Snake Pit.
 10586 | Lair:2   | Found a gate leading to a gauntlet.
 10595 | Gauntlet | Entered a Gauntlet
 10595 | Gauntlet | Found a transporter.
 10604 | Gauntlet | Found a transporter.
 10607 | Gauntlet | Found a transporter.
 10608 | Gauntlet | Found a transporter.
 10616 | Gauntlet | Found a transporter.
 10619 | Gauntlet | Found a transporter.
 10621 | Gauntlet | Found a transporter.
 10629 | Gauntlet | Found a transporter.
 10632 | Gauntlet | Found a transporter.
 10633 | Gauntlet | Found a transporter.
 10641 | Gauntlet | Noticed a sixfirhy
 10641 | Gauntlet | Noticed a sixfirhy
 10645 | Gauntlet | Found a transporter.
 10645 | Gauntlet | Found a transporter.
 10646 | Gauntlet | Found a transporter.
 10654 | Gauntlet | Found a transporter.
 10842 | Gauntlet | Killed a sixfirhy
 10843 | Gauntlet | Killed a sixfirhy
 10844 | Gauntlet | Reached skill level 16 in Axes
 10844 | Gauntlet | Reached XP level 12. HP: 110/110 MP: 11/11
 10855 | Gauntlet | Identified the amulet "Vouhy" {Acrobat rF+ Int+4}
 10939 | Gauntlet | Noticed a minotaur
 10945 | Gauntlet | Killed a minotaur
 10954 | Gauntlet | Identified the ring of Oweyh {Ice Dex+3 Slay+2}
 12120 | Lair:3   | Found a staircase to the Shoals.
 12140 | Lair:3   | Reached skill level 17 in Axes
 12224 | Lair:3   | Identified the +0 leather armour of Disguise {*Slow Will++
                  | Dex+3}
 12274 | Lair:3   | Noticed a death yak
 12275 | Lair:3   | Noticed a death yak
 12276 | Lair:3   | Noticed a death yak
 12276 | Lair:3   | Noticed a death yak
 12288 | Lair:3   | Killed a death yak
 12291 | Lair:3   | Killed a death yak
 12293 | Lair:3   | Killed a death yak
 12293 | Lair:3   | Killed a death yak
 13134 | Lair:4   | Reached XP level 13. HP: 117/122 MP: 12/12
 13619 | Lair:4   | Reached skill level 18 in Axes
 13628 | Lair:4   | Received a gift from Trog
 13816 | Lair:4   | Reached skill level 15 in Armour
 13832 | Lair:4   | Reached skill level 15 in Fighting
 14105 | Lair:4   | Identified the staff of cold "Sir Etoh" {rC+ rCorr Str+2
                  | Dex-4}
 14821 | Lair:5   | Entered Level 5 of the Lair of Beasts
 15005 | Lair:5   | Reached XP level 14. HP: 127/136 MP: 13/13
 15084 | Lair:5   | Reached ****** piety under Trog
 15247 | Lair:5   | Found a viscous altar of Jiyva.
 15248 | Lair:5   | Found a staircase to the Slime Pits.
 15397 | Lair:5   | Reached skill level 19 in Axes
 16280 | D:12     | Found the +3 salamander hide armour {Flames, rFlCloud rF++
                  | rC--}
 16420 | D:12     | Reached skill level 5 in Dodging
 17135 | D:13     | Found a runed translucent gate.
 17135 | D:13     | Found a runed translucent gate.
 17136 | D:13     | Found a runed translucent gate.
 17137 | D:13     | Noticed tizbic2's ghost (journeyman GnWn)
 17419 | D:13     | Received a gift from Trog
 17998 | D:13     | Reached XP level 15. HP: 133/147 MP: 14/14
 18003 | D:13     | Killed tizbic2's ghost
 18082 | D:14     | Noticed Kirke
 18104 | D:14     | Killed Kirke
 18105 | D:14     | Reached skill level 20 in Axes
 18119 | D:14     | Paralysed by a floating eye for 3 turns
 18347 | D:14     | Reached skill level 1 in Unarmed Combat
 18398 | D:14     | Noticed Josephine
 18403 | D:14     | Killed Josephine
 18472 | D:14     | Identified the +2 leather armour of the Pit {Str+4 Int+2
                  | Slay-2}
 18496 | D:14     | Found a gate to the Vaults.
 18563 | D:14     | Received a gift from Trog
 18647 | D:14     | Noticed Snorg
 18657 | D:14     | Killed Snorg
 18967 | D:15     | Entered Level 15 of the Dungeon
 18973 | D:15     | Identified the scarf of Cumyo {harm, Int+2 Dex+2 Slay+2}
 19244 | D:15     | Found a staircase to the Depths.
 19409 | D:15     | Identified the +2 scale mail "Yffi" {rC+ rN+ rCorr}
 19760 | Orc:1    | Entered Level 1 of the Orcish Mines
 19868 | Orc:1    | Received a gift from Trog
 19914 | Orc:1    | Found Veyv's Mayhem Merchandise.
 20487 | Orc:2    | Entered Level 2 of the Orcish Mines
 20492 | Orc:2    | Reached skill level 1 in Shields
 20532 | Orc:2    | Found a staircase to the Elven Halls.
 20794 | Orc:2    | Received a gift from Trog
 20949 | Orc:2    | Noticed Donald
 20963 | Orc:2    | Killed Donald
 20974 | Orc:2    | HP: 7/151 [orc warlord/+0 long sword (7)]
 20975 | Orc:2    | Mangled by an orc warlord

Illustrated notes

Levels and vault maps discovered:
D:1:      psy_arrival_conway, layout_loops_ring
D:2:      layout_basic, grunt_ministairs_2
D:3:      layout_loops_corners, mainiacjoe_overflow_two_lobes
D:4:      layout_loops_ring, lemuel_temple_firewalk_a
D:5:      layout_basic, minmay_fire_ice_demons, uniq_menkaure
D:6:      layout_loops_ring, gup_ossuary_entry_pyramid, uniq_eustachio
D:7:      layout_rooms, roderic_batcave
D:8:      layout_loops_cross, serial_shops, nicolae_shop_stone
D:9:      layout_irregular_city
D:10:     nicolae_moon_pools, layout_layer_cave, led_sif_book, orc_0_dummy,
          uniq_harold, uniq_urug
D:11:     layout_loops_corners, lair_entry_dummy, uniq_gastronok
D:12:     hellmonk_crumbling_castle, layout_long_grid,
          hellmonk_guarded_unrand_salamander
D:13:     layout_stronghold, serial_undead, serial_undead_c, serial_undead_b,
          serial_undead_f, serial_undead_b, serial_undead_d, serial_undead_b,
          gammafunk_ghost_spectres
D:14:     layout_small_grid, erik_vaults_1, infiniplex_staircase_split_hallway,
          kennysheep_flooded_box, minmay_misc_feat_secret_circle,
          uniq_josephine, uniq_snorg, uniq_kirke
D:15:     grunt_enter_depths_giant_problem, layout_cave_pools,
          small_statue_intersection
Lair:1:   layout_long_grid
Lair:2:   layout_layer_cave, minmay_snake_entry_six_corridors,
          gauntlet_entry_generic, beast_lair_carwin_7, lemuel_fruit_tree
Lair:3:   layout_cave_pods, elwin_shoals_entry_stream
Lair:4:   nzn_winding_woodlands_huge [nzn_winding_woodlands_5x15_sidewinder,
          nzn_winding_woodlands_5x15_garden, nzn_winding_woodlands_5x15_parted,
          nzn_winding_woodlands_5x15_crooked, nzn_winding_woodlands_5x15_pool,
          nzn_winding_woodlands_5x15_sawtooth,
          nzn_winding_woodlands_5x15_lazy_stream,
          nzn_winding_woodlands_5x15_default,
          nzn_winding_woodlands_5x15_concentric,
          nzn_winding_woodlands_5x15_twine, nzn_winding_woodlands_center_garden,
          nzn_winding_woodlands_center_lodge,
          nzn_winding_woodlands_15x15_boxy_spiral], layout_gridlike
Lair:5:   evilmike_catoblepas_cave, layout_regular_city, slime_entry_1
Orc:1:    layout_caves, nicolae_orc_jurassic_orc, minmay_shop_mayhem,
          nicolae_orc_pool_cavern, lightli_orcish_oven
Orc:2:    kennysheep_orc_mage_school, layout_caves, uniq_donald

Skill      XL: |  1  2  3  4  5  6  7  8  9 10 11 12 13 14 15 |
---------------+----------------------------------------------+-----
Fighting       | 4 5 6 8 9 11 13 15 17 18 | 18.9
Axes           | 4 5 6 8 10 12 14 16 17 18 19 20 | 20.8
Armour         | 3 4 5 7 8 10 12 13 15 17 18 | 18.1
Dodging        | 3 4 5 |  5.2
Stealth        | 1 2 |  2.7
Evocations     | 1 |  1.8
Unarmed Combat | 2 |  2.0
Shields        | 2 |  2.3

Action                     |  1- 3 |  4- 6 |  7- 9 | 10-12 | 13-15 || total
---------------------------+-------+-------+-------+-------+-------++-------
  Melee: Hand axe          |    73 |    90 |    94 |       |       ||   257
         Headbutt          |    12 |    14 |    39 |    47 |   159 ||   271
         Battleaxe         |       |       |   105 |    52 |       ||   157
         War axe           |       |       |       |   205 |   718 ||   923
         Punch             |       |       |       |     4 |    12 ||    16
         Unarmed           |       |       |       |       |     9 ||     9
 Invoke: Berserk           |       |     1 |     1 |     6 |     2 ||    10
         Brothers in Arms  |       |       |       |     2 |     1 ||     3
  Evoke: Wand              |       |       |       |     8 |       ||     8
    Use: Scroll            |       |       |    18 |    12 |     6 ||    36
         Potion            |       |       |       |     2 |       ||     2
 Armour: Animal skin       |    10 |       |       |       |       ||    10
         Chain mail        |    14 |    47 |   132 |       |       ||   193
         Plate armour      |       |       |     6 |   162 |   391 ||   559
  Dodge: Dodged            |    42 |    44 |   146 |   102 |   253 ||   587
  Block: Kite shield       |       |       |       |       |    46 ||    46
